 Dungeon Crawl Stone Soup version 0.31.0-9-g3a7656b989 (webtiles) character file.

Game seed: 15446564656417900939

101 qw the Shooter (level 4, -4/25 HPs)
             Began as a Deep Elf Hunter on Feb 2, 2024.
             Engulfed by a steam dragon's steam (13 damage)
             ... on level 4 of the Dungeon.
             The game lasted 00:00:10 (2481 turns).

qw the Shooter (Deep Elf Hunter)                    Turns: 2481, Time: 00:00:11

Health: -4/25      AC:  9    Str: 10    XL:     4   Next: 48%
Magic:  6/6        EV: 11    Int: 14    God:
Gold:   183        SH:  0    Dex: 18    Spells: 3/3 levels left

rFire   . . .        a - +0 shortbow
rCold   . . .        (shield currently unavailable)
rNeg    + . .        p - +1 ring mail
rPois   +            f - +2 helmet
rElec   .            (no cloak)
rCorr   .            (no gloves)
SInv    .            (no boots)
Will    .....        (no amulet)
Stlth   +            q - ring of poison resistance
HPRegen 0.24/turn    b - ring of positive energy
MPRegen 0.10/turn

%: no passive effects
@: no status effects
A: no striking features
a: no special abilities


You were on level 4 of the Dungeon.
You visited 1 branch of the dungeon, and saw 4 of its levels.

You collected 183 gold pieces.


   Skills:
 - Level 1.5 Fighting
 + Level 7.9 Ranged Weapons
 - Level 2.4 Dodging
 - Level 1.2 Stealth


You had 3 spell levels left.
You didn't know any spells.
Your spell library was empty.

Inventory:

Hand Weapons
 a - a +0 shortbow (weapon)
Armour
 f - a +2 helmet (worn)
 p - a +1 ring mail (worn)
Jewellery
 b - a ring of positive energy (right hand)
 q - a ring of poison resistance (left hand)
Potions
 d - 2 potions of curing
 g - a potion of attraction {unknown}
 h - a potion of berserk rage {unknown}
 i - a potion of mutation {unknown}
 j - a potion of resistance {unknown}
 l - a potion of ambrosia {unknown}
 m - a potion of haste {unknown}

Dungeon Overview and Level Annotations

Branches:
Dungeon (4/15)
 Temple: D:4-7

Altars:
Dithmenos
Fedhas
Makhleb
Ru

Annotations:
D:2 1 runed translucent door, Crazy Yiuf
D:3 Grinder


Message History

2454 ||| STAIRDANCE The adder misses you.
You climb upwards.
Level annotation: Grinder
There is a stone staircase leading down here.
You shoot an arrow. The arrow closely misses the adder.
The adder bites you. The adder bites you but does no damage.
You shoot an arrow. The arrow closely misses the adder.
The adder bites you but does no damage.
You shoot an arrow. The arrow hits the adder!
You kill the adder!
You start resting.
HP restored.
You climb downwards.
The orc hits you but does no damage.
There is a stone staircase leading up here.
You shoot an arrow.
The arrow hits the orc but does no damage.
The orc hits you with a +0 dagger.
You shoot an arrow. The arrow hits the orc!
You kill the orc!
You start resting.
HP restored.
You now have 183 gold pieces (gained 7).
A steam dragon comes into view.
You shoot an arrow. The arrow hits the steam dragon.
The steam dragon hisses angrily.
The steam dragon is lightly wounded.
You shoot an arrow.
The arrow barely misses the steam dragon.
You shoot an arrow. The arrow hits the steam dragon!
The steam dragon is moderately wounded.
The steam dragon breathes steam at you. The ball of steam hits you!
Ouch! That really hurt!
You shoot an arrow.
The arrow hits the steam dragon but does no damage.
The steam dragon is moderately wounded.
You are engulfed in a cloud of scalding steam.
Ouch! That really hurt!
You die...

. # .. .#.
... ..# ...
#.###..
#....#
#¤¤D.#
#..¤.+
#######@.¤.#
#.....¤....#
#...¤¤.....#
+....¤.....#
#....<.....#
#...)......#
#.....######
#.....#
+.....#


You could see a steam dragon (catching breath).

Vanquished Creatures
  4 adders
  A ribbon worm (D:2)
  2 dart slugs
  An orc (D:4)
  11 ball pythons
  6 endoplasms
  A giant cockroach (D:2)
  6 goblins
  4 hobgoblins
  5 kobolds
  4 quokkas
  2 frilled lizards (D:3)
  9 rats
56 creatures vanquished.

Notes
Turn   | Place    | Note
-------+----------+-------------------------------------------
     0 | D:1      | qw the Deep Elf Hunter began the quest for the Orb.
     0 | D:1      | Reached XP level 1. HP: 12/12 MP: 3/3
     0 | D:1      | 0 ||| qw: Version: 0.3-a-155-g5e7d8dd
     0 | D:1      | 0 ||| qw: Game counter: 1223
     0 | D:1      | 0 ||| qw: Melee chars always use a shield: true
     0 | D:1      | 0 ||| qw: God list: Okawaru
     0 | D:1      | 0 ||| qw: Allow faded altars: false
     0 | D:1      | 0 ||| qw: Do Orc after clearing Dungeon:15 true
     0 | D:1      | 0 ||| qw: Do second Lair branch before Depths: true
     0 | D:1      | 0 ||| qw: Lair rune preference: random
     0 | D:1      | 0 ||| qw: Goals: Normal
     0 | D:1      | 0 ||| PLANNING D:1-11
    62 | D:1      | 62 ||| DROPPING scroll of butterflies.
   147 | D:2      | Found a shadowy altar of Dithmenos.
   155 | D:2      | Reached XP level 2. HP: 16/16 MP: 4/4
   166 | D:2      | Reached skill level 6 in Ranged Weapons
   262 | D:2      | HP: 4/16 [poisoned by an adder]
   398 | D:2      | Reached XP level 3. HP: 20/20 MP: 5/5
   462 | D:2      | 462 ||| READING scroll labelled JUARRO BESAE.
   463 | D:2      | 463 ||| READING scroll labelled JEACRO FI PUOTZ.
   463 | D:2      | 463 ||| ENCHANTING +0 shortbow.
   464 | D:2      | 464 ||| READING scroll labelled AXUCUEMAWI.
   624 | D:1      | Reached skill level 7 in Ranged Weapons
  1235 | D:1      | 1235 ||| UPGRADING to +2 helmet.
  1240 | D:1      | 1240 ||| UPGRADING to +0 scale mail.
  1250 | D:1      | 1250 ||| DROPPING +0 leather armour.
  1251 | D:1      | 1251 ||| UPGRADING to +0 ring mail.
  1261 | D:1      | 1261 ||| DROPPING +0 scale mail.
  1262 | D:1      | 1262 ||| READING scroll of enchant armour.
  1262 | D:1      | 1262 ||| ENCHANTING +0 ring mail.
  1263 | D:1      | 1263 ||| UPGRADING to ring of poison resistance.
  1264 | D:1      | 1264 ||| READING 2 scrolls labelled WURPHIZ TEULET.
  1267 | D:1      | 1267 ||| READING scroll labelled BIADYV HIZEU.
  1362 | D:2      | Found a runed translucent door.
  1363 | D:2      | Noticed Crazy Yiuf
  1640 | D:2      | 1640 ||| READING scroll labelled LIN IMOUXIUCI.
  1640 | D:2      | 1640 ||| IDENTIFYING fuming puce potion
  1691 | D:3      | Found a shadowy altar of Dithmenos.
  1725 | D:3      | Noticed Grinder
  1733 | D:3      | Paralysed by Grinder for 5 turns
  1736 | D:3      | HP: 5/20 [Grinder (2)]
  1738 | D:3      | 1738 ||| READING scroll of teleportation.
  1739 | D:3      | 1739 ||| DRINKING potion of heal wounds.
  1819 | D:3      | Found a blossoming altar of Fedhas.
  1912 | D:3      | Found a sacrificial altar of Ru.
  1912 | D:3      | Found a burning altar of Makhleb.
  1970 | D:3      | Reached XP level 4. HP: 24/25 MP: 6/6
  2409 | D:3      | 2409 ||| UPGRADING to ring of positive energy.
  2410 | D:3      | 2410 ||| READING scroll of identify.
  2410 | D:3      | 2410 ||| IDENTIFYING cyan potion
  2411 | D:3      | 2411 ||| DRINKING 3 yellow potions.
  2412 | D:3      | 2412 ||| DROPPING potion of lignification.
  2454 | D:4      | 2454 ||| STAIRDANCE
  2477 | D:4      | Noticed a steam dragon
  2481 | D:4      | Engulfed by a steam dragon's steam

Levels and vault maps discovered:
D:1:      wheals_arrival_linesprint, layout_basic,
          nicolae_concentric_dashed_squares_mild, nicolae_titane
D:2:      layout_basic, basic_altar, minmay_tetromino_o4,
          uniq_crazy_yiuf_cottage
D:3:      layout_basic, mainiacjoe_overflow_divided_tiny,
          mainiacjoe_overflow_six_doors_small, lemuel_round_altar, uniq_grinder
D:4:      wander_river, layout_gridville, grunt_decor_one_mirror

Skill      XL: |  1  2  3 |
---------------+----------+-----
Ranged Weapons | 6 7 |  7.9
Fighting       | |  1.5
Dodging        | |  2.4
Stealth        | |  1.2

Action                     |  1- 3 |  4- 6 || total
---------------------------+-------+-------++-------
   Fire: Shortbow          |   146 |    22 ||   168
    Use: Scroll            |     8 |     1 ||     9
         Potion            |     1 |     1 ||     2
 Armour: Leather armour    |    10 |       ||    10
         Ring mail         |    14 |     9 ||    23
  Dodge: Dodged            |    24 |     2 ||    26

Table legend:
 A = Non-vault XP
 B = Vault XP
 C = Vault XP percentage of total XP
 D = Non-vault monster count
 E = Vault monster count
 F = Vault count percentage of total count
                 A         B        C        D         E       F
            +---------+---------+-------+---------+---------+-------
      Total |     139 |       6 |   4.1 |      53 |       3 |   5.4
            +---------+---------+-------+---------+---------+-------
        D:1 |      36 |       0 |   0.0 |      21 |       0 |   0.0
        D:2 |      35 |       6 |  14.6 |      11 |       3 |  21.4
        D:3 |      65 |       0 |   0.0 |      20 |       0 |   0.0
        D:4 |       3 |       0 |   0.0 |       1 |       0 |   0.0
            +---------+---------+-------+---------+---------+-------
